 Dungeon Crawl Stone Soup version 0.30.2 (webtiles) character file.

Game seed: 8935919468518369278

754 porpoise the Cleaver (level 7, -3/63 HPs)
             Began as a Hill Orc Fighter on Feb 7, 2024.
             Slain by a gnoll
             ... wielding a +3 spear
             ... led by a gnoll sergeant
              (7 damage)
             ... on level 5 of the Dungeon.
             The game lasted 00:13:13 (3773 turns).

porpoise the Cleaver (Hill Orc Fighter)             Turns: 3773, Time: 00:13:13

Health: -3/63      AC:  8    Str: 27    XL:     7   Next: 79%
Magic:  7/7        EV:  9    Int:  8    God:
Gold:   220        SH:  5    Dex: 10    Spells: 6/6 levels left

rFire   . . .        a - +0 war axe
rCold   . . .        c - +0 buckler
rNeg    . . .        q - +0 scale mail
rPois   +            (no helmet)
rElec   .            C - +0 cloak {rPois}
rCorr   .            (no gloves)
SInv    +            (no boots)
Will    .....        (no amulet) Stlth
                     f - ring of see invisible
HPRegen 0.30/turn    I - +6 ring of strength
MPRegen 0.10/turn

%: no passive effects
@: no status effects
A: no striking features
a: no special abilities


You were on level 5 of the Dungeon.
You visited 1 branch of the dungeon, and saw 5 of its levels.

You collected 220 gold pieces.

Inventory:

Hand Weapons
 a - a +0 war axe (weapon)
 b - a +0 sling
Missiles
 e - 7 poisoned darts (quivered)
 y - a boomerang of dispersal
 H - 2 boomerangs
Armour
 c - a +0 buckler (worn)
 q - a +0 scale mail (worn)
 C - a +0 cloak of poison resistance (worn)
Jewellery
 f - a ring of see invisible (left hand)
 k - a ring of resist corrosion
 l - an amulet of faith
 F - an amulet of magic regeneration
 I - a +6 ring of strength (right hand)
Wands
 x - a wand of mindburst (5)
Scrolls
 i - 2 scrolls of teleportation
 j - a scroll of magic mapping {unknown}
 m - a scroll of identify {unknown}
 o - a scroll of butterflies {unknown}
 u - a scroll of poison
 v - a scroll of immolation {unknown}
 w - 2 scrolls of vulnerability
 z - 2 scrolls of fog
 E - a scroll of amnesia {unknown}
 G - a scroll of enchant weapon {unknown}
Potions
 d - a potion of might
 g - a potion of ambrosia
 h - 2 potions of mutation {unknown}
 n - a potion of resistance {unknown}
 p - 2 potions of curing
 r - a potion of brilliance {unknown}
 s - a potion of flight {unknown}
 t - a potion of magic {unknown}
 A - a potion of haste {unknown}
 B - a potion of cancellation
 D - 2 potions of invisibility {unknown}


   Skills:
 + Level 6.1 Fighting
 * Level 8.2 Axes
 - Level 3.2 Armour
 + Level 5.6 Shields


You had 6 spell levels left.
You didn't know any spells.
Your spell library contained the following spells:

 Spells                   Type           Power      Damage    Failure   Level
 Apportation              Tloc           0%         N/A       73%         1
 Freeze                   Ice            0%         1d3       73%         1
 Necrotise                Necr           0%         1d4       73%         1
 Summon Small Mammal      Summ           0%         N/A       73%         1
 Dazzling Flash           Conj/Hex       0%         N/A       97%         3
 Frozen Ramparts          Ice            0%         1d1       97%         3
 Hailstorm                Conj/Ice       0%         3d3       97%         3
 Tukima's Dance           Hex            0%         N/A       97%         3
 Volatile Blastmotes      Fire/Tloc      0%         2d10      97%         3
 Iskenderun's Mystic Bla  Conj/Tloc      0%         2d3       100%        4
 Passage of Golubria      Tloc           0%         N/A       100%        4
 Yara's Violent Unravell  Hex/Tmut       0%         3d3       100%        5
 Starburst                Conj/Fire      0%         6d3       100%        6


Dungeon Overview and Level Annotations

Branches:
Dungeon (5/15)
 Temple: D:4-7

Altars:

Shops:
D:5 :


Message History

You hit the gnoll but do no damage. The gnoll hits you but does no damage.
You block the gnoll's attack.
You barely miss the gnoll. The gnoll hits you with a +0 whip.
The gnoll closely misses you.
You hit the gnoll.
The gnoll is heavily wounded.
The gnoll hits you but does no damage.
The gnoll hits you from afar with a +0 halberd.
You hit the gnoll.
The gnoll is almost dead.
The gnoll hits you but does no damage. You block the gnoll's attack.
You barely miss the gnoll.
The gnoll is almost dead.
The gnoll hits you but does no damage.
The gnoll hits you from afar with a +0 halberd.
You hit the gnoll.
You kill the gnoll!
You block the gnoll's attack.
You hit the gnoll but do no damage. The gnoll hits you with a +0 club.
The gnoll hits you but does no damage. You block the gnoll's attack.
You slash the gnoll!
The gnoll is almost dead.
The gnoll barely misses you. The gnoll hits you but does no damage.
The gnoll hits you from afar with a +0 halberd.
You barely miss the gnoll.
The gnoll is almost dead.
The gnoll hits you but does no damage. You block the gnoll's attack.
The gnoll hits you from afar with a +3 spear.
* * * LOW HITPOINT WARNING * * *
The gnoll barely misses you.
The gnoll hits you from afar with a +3 spear.
* * * LOW HITPOINT WARNING * * *
The gnoll hits you with a +0 club.
* * * LOW HITPOINT WARNING * * *
It was a potion of cancellation.
You feel magically purged. You block the gnoll's attack.
The gnoll hits you from afar with a +0 halberd.
* * * LOW HITPOINT WARNING * * *
The gnoll hits you from afar with a +3 spear!
You die...

........... .......... ..........
......... ...g..... .......w# #
#.. #.. .#..g.gg# .###. .. ...
....>##g# ..... #.# ...
#...#@##.....##.. ...
.##.#.)........ ...# ...
............#### #§. .#.
....>.#...#.# ##.§#§#.
#.######....# #.§§§§#. .# #.#
##...###....#§§#.. ....####.#
####.#..##.# #§§#.#
#......####.......##.####....#
########.........................


You could see 3 gnolls and a dart slug.

Vanquished Creatures
  An ogre (D:5)
  A gnoll sergeant (D:5)
  4 scorpions
  A howler monkey (D:4)
  An orc priest (D:3)
  2 hounds (D:5)
  A sleepcap (D:4)
  2 iguanas (D:4)
  2 gnolls (D:5)
  5 adders
  An ufetubus (D:5)
  2 dart slugs
  6 orcs
  12 ball pythons
  7 bats
  8 endoplasms
  3 giant cockroaches
  6 goblins
  6 hobgoblins
  4 jackals (D:3)
  4 quokkas
  11 frilled lizards
  9 kobolds
  6 rats
105 creatures vanquished.

Notes
Turn   | Place    | Note
-------+----------+-------------------------------------------
     0 | D:1      | porpoise the Hill Orc Fighter began the quest for the Orb.
     0 | D:1      | Reached XP level 1. HP: 19/19 MP: 1/1
    51 | D:1      | Reached skill level 3 in Axes
    57 | D:1      | Reached XP level 2. HP: 18/27 MP: 2/2
   314 | D:1      | Reached XP level 3. HP: 27/33 MP: 3/3
   530 | D:1      | Reached skill level 4 in Axes
   748 | D:2      | Reached XP level 4. HP: 34/40 MP: 4/4
  1795 | D:3      | Reached skill level 5 in Axes
  1795 | D:3      | Reached XP level 5. HP: 36/47 MP: 5/5
  2835 | D:4      | Reached skill level 5 in Fighting
  2835 | D:4      | Reached skill level 6 in Axes
  2835 | D:4      | Reached XP level 6. HP: 56/56 MP: 6/6
  3346 | D:5      | Entered Level 5 of the Dungeon
  3438 | D:5      | Reached skill level 7 in Axes
  3438 | D:5      | Reached skill level 5 in Shields
  3438 | D:5      | Reached XP level 7. HP: 55/61 MP: 7/7
  3592 | D:5      | Found Ozudd's Vocational Training.
  3762 | D:5      | Reached skill level 8 in Axes
  3773 | D:5      | Slain by a gnoll

Illustrated notes

Levels and vault maps discovered:
D:1:      minmay_arrival_stone_box, layout_rooms, serial_bayou_ford_a
D:2:      layout_rooms, minmay_pentomino_pile
D:3:      layout_basic, minivault_5
D:4:      layout_basic, minmay_lizard_king
D:5:      layout_rooms, nicolae_shop_vocational

Skill      XL: |  1  2  3  4  5  6  7 |
---------------+----------------------+-----
Axes           | 3 4 5 6 7 8 |  8.2
Fighting       | 4 5 6 |  6.1
Shields        | 4 5 |  5.6
Armour         | |  3.2

Action                     |  1- 3 |  4- 6 |  7- 9 || total
---------------------------+-------+-------+-------++-------
  Melee: War axe           |    77 |   147 |    65 ||   289
   Fire: Sling             |       |     4 |       ||     4
  Throw: Dart              |       |     1 |     6 ||     7
    Use: Potion            |       |     2 |     1 ||     3
         Scroll            |       |     4 |       ||     4
 Armour: Scale mail        |    34 |    77 |    37 ||   148
  Dodge: Dodged            |    40 |    67 |    34 ||   141
  Block: Buckler           |    23 |    28 |    15 ||    66
